 Dungeon Sprint DCSS version 0.26-a0-651-gb41185065b (webtiles) character file.

Game seed: 12138941780715768952

1650 HoaS the Severer (level 9, -5/64 HPs)
             Began as a Formicid Fighter on Oct 11, 2020.
             Was a Priest of Makhleb.
             Slain by a seven-headed hydra (9 damage)
             ... in the Dungeon (Sprint IX: "|||||||||||||||||||||||||||||").
             The game lasted 00:04:36 (805 turns).

HoaS the Severer (Formicid Fighter)                  Turns: 805, Time: 00:04:37

Health: -5/64      AC: 22    Str: 24    XL:     9   Next: 19%
Magic:  9/9        EV:  8    Int:  8    God:    Makhleb [***...]
Gold:   15         SH: 11    Dex: 10    Spells: 8/8 levels left

rFire    . . .     SeeInvis +   j - +2 morningstar (protect)
rCold    . . .     Faith    .   c - +0 kite shield
rNeg     . . .     Spirit   .   m - +1 chain mail
rPois    .         Reflect  .   (helmet unavailable)
rElec    .         Harm     .   a - +2 cloak
rCorr    .         Rampage  .   (no gloves)
MR       .....                  (no boots)
Stlth    ..........             (no amulet)
HPRegen  0.20/turn              o - +2 ring of protection
MPRegen  0.11/turn              (no ring)

@: protection aura
A: permanent stasis, dig shafts and tunnels, four strong arms, antennae 3
a: Dig, Minor Destruction, Lesser Servant of Makhleb, Renounce Religion


You were in the Dungeon.
You worshipped Makhleb.
Makhleb was most pleased with you.
You visited 1 branch You collected 15 gold pieces.

Inventory:

Hand Weapons
 j - a +2 morningstar of protection (weapon)
 l - a +1 vorpal broad axe
Armour
 a - a +2 cloak (worn)
 c - a +0 kite shield (worn)
 m - a +1 chain mail (worn)
Jewellery
 o - a +2 ring of protection (left hand)
Wands
 k - a wand of iceblast (10)
Scrolls
 i - 4 scrolls of remove curse
 n - 2 scrolls of enchant armour
 p - a scroll of fog
Potions
 b - 4 potions of heal wounds
 d - a potion of might
 e - 6 potions of curing
 g - 4 potions of magic
 h - a potion of invisibility
Miscellaneous
 f - a lightning rod (4/4)


   Skills:
 - Level 3.2 Fighting
 * Level 17.1 Axes
 - Level 3.2 Armour
 - Level 9.0 Shields


You had 8 spell levels left.
You didn't know any spells.
Your spell library was empty.

Dungeon Overview and Level Annotations

Branches:
Dungeon (1/1)

Altars:
Cheibriados
Dithmenos
Elyvilon
Fedhas
Gozag
Hepliaklqana
Kikubaaqudgha
Makhleb
Nemelex Xobeh
Okawaru
Qazlal
Ru
Sif Muna
Trog
Uskayaw
Vehumet
Wu Jian
Xom
Yredelemnul
Zin
The Shining One
Beogh
Jiyva
Lugonu


Innate Abilities, Weirdness & Mutations

You cannot be hasted, slowed, berserked, paralysed or teleported.
You can dig through walls and to a lower floor.
Your four strong arms can wield two-handed weapons with a shield.
You have a pair of large antennae on your head. (SInv)


Message History

You block the seven-headed hydra's attack.
The seven-headed hydra bites you but does no damage.
The seven-headed hydra bites you!
You barely miss the seven-headed hydra.
The seven-headed hydra is severely wounded.
The seven-headed hydra bites you.
You block the seven-headed hydra's attack. x2
The seven-headed hydra bites you!
* * * LOW HITPOINT WARNING * * *
You block the seven-headed hydra's attack.
The seven-headed hydra bites you.
* * * LOW HITPOINT WARNING * * *
The seven-headed hydra bites you but does no damage.
You barely miss the seven-headed hydra.
The seven-headed hydra is severely wounded.
The seven-headed hydra bites you but does no damage.
The seven-headed hydra closely misses you.
You block the seven-headed hydra's attack.
The seven-headed hydra bites you!
You die...

{
▓{▓.▓
▓.▓'▓
▓.▓)▓
▓.▓.▓
▓{▓.▓
▓F▓.▓
▓.▓.▓
▓.▓.▓
▓.▓@▓
▓.▓D▓
▓.FF▓
▓▓▓▓▓


You could see a seven-headed hydra and 2 bullfrogs.

Vanquished Creatures
  A two-headed ogre (D)
  A tengu conjurer (D)
  A hippogriff (D)
  A wraith (D)
  A wyvern (D)
  A centaur (D)
  2 bullfrogs (D)
  A jelly (D)
  A worker ant (D)
  An adder (D)
  2 ufetubi (D)
  A dart slug (D)
  A leopard gecko (D)
  An orc (D)
  A giant cockroach (D)
  A quokka (D)
  A frilled lizard (D)
  2 kobolds (D)
  A leopard gecko skeleton (D)
22 creatures vanquished.

Notes
Turn   | Place    | Note
-------+----------+-------------------------------------------
     0 | D        | HoaS the Formicid Fighter began the quest for the Orb.
     0 | D        | Reached XP level 1. HP: 18/18 MP: 1/1
    17 | D        | Reached skill level 3 in Axes
    26 | D        | Reached XP level 2. HP: 21/24 MP: 2/2
    72 | D        | Reached skill level 4 in Axes
    85 | D        | Reached skill level 5 in Axes
    85 | D        | Reached skill level 5 in Shields
    85 | D        | Reached XP level 3. HP: 20/29 MP: 3/3
   100 | D        | Reached skill level 6 in Axes
   100 | D        | Reached XP level 4. HP: 21/35 MP: 4/4
   227 | D        | Found a roughly hewn altar of Beogh.
   227 | D        | Found a snail-covered altar of Cheibriados.
   227 | D        | Found a shadowy altar of Dithmenos.
   227 | D        | Found a white marble altar of Elyvilon.
   227 | D        | Found a blossoming altar of Fedhas.
   227 | D        | Found an opulent altar of Gozag.
   228 | D        | Found a hazy altar of Hepliaklqana.
   229 | D        | Found a viscous altar of Jiyva.
   230 | D        | Found an ancient bone altar of Kikubaaqudgha.
   231 | D        | Found a corrupted altar of Lugonu.
   232 | D        | Found a burning altar of Makhleb.
   233 | D        | Found a sparkling altar of Nemelex Xobeh.
   234 | D        | Found an iron altar of Okawaru.
   235 | D        | Found a stormy altar of Qazlal.
   236 | D        | Found a sacrificial altar of Ru.
   237 | D        | Found a shimmering blue altar of Sif Muna.
   238 | D        | Found a bloodstained altar of Trog.
   239 | D        | Found a hide-covered altar of Uskayaw.
   240 | D        | Found a radiant altar of Vehumet.
   242 | D        | Became a worshipper of Makhleb the Destroyer
   244 | D        | Found an ornate altar of the Wu Jian Council.
   245 | D        | Found a shimmering altar of Xom.
   246 | D        | Found a basalt altar of Yredelemnul.
   247 | D        | Found a glowing silver altar of Zin.
   248 | D        | Found a glowing golden altar of the Shining One.
   295 | D        | Noticed a bullfrog
   295 | D        | Noticed a bullfrog
   295 | D        | Noticed a wraith
   295 | D        | Noticed a centaur
   302 | D        | Killed a bullfrog
   302 | D        | Reached skill level 7 in Axes
   302 | D        | Reached XP level 5. HP: 36/41 MP: 5/5
   307 | D        | Killed a bullfrog
   307 | D        | Reached * piety under Makhleb
   307 | D        | Reached skill level 9 in Axes
   309 | D        | Reached XP level 6. HP: 29/47 MP: 6/6
   315 | D        | Killed a wraith
   315 | D        | Reached skill level 11 in Axes
   315 | D        | Reached XP level 7. HP: 33/52 MP: 7/7
   318 | D        | Reached ** piety under Makhleb
   318 | D        | Reached skill level 12 in Axes
   461 | D        | Noticed a hippogriff
   461 | D        | Noticed a tengu conjurer
   461 | D        | Noticed a two-headed ogre
   461 | D        | Noticed a wyvern
   464 | D        | Killed a hippogriff
   464 | D        | Reached skill level 13 in Axes
   471 | D        | HP: 2/52 [two-headed ogre/+0 giant club (3)]
   472 | D        | Killed a tengu conjurer
   472 | D        | Reached skill level 14 in Axes
   472 | D        | Reached XP level 8. HP: 3/58 MP: 8/8
   478 | D        | Killed a two-headed ogre
   478 | D        | Reached skill level 16 in Axes
   478 | D        | Reached XP level 9. HP: 23/64 MP: 9/9
   480 | D        | Reached *** piety under Makhleb
   484 | D        | Reached skill level 17 in Axes
   655 | D        | Noticed a seven-headed hydra
   655 | D        | Noticed a rime drake
   805 | D        | Slain by a seven-headed hydra

Illustrated notes

Levels and vault maps discovered:
D:        linesprint [early_d, line_temple, items_1, d_10, items_2, lair_1,
          lair_end, items_3, orc_1, orc_end, items_4, d_15, swamp_1, shoals_1,
          snake_1, spider_1, d_20, vaults_1, items_5, swamp_end, shoals_end,
          snake_end, spider_end, vaults_end, d_27, items_6, zot_1, zot_end,
          crypt_end, forest_end, elf_end, slime_end, tomb_end, abyss_end,
          pan_hell_end]

Skill      XL: |  1  2  3  4  5  6  7  8  9 |
---------------+----------------------------+-----
Shields        | 4 5 6 7 8 9 |  9.0
Axes           | 3 5 6 7 9 11 14 16 17 | 17.1
Fighting       | |  3.2
Armour         | |  3.2

Action                   |  1- 3 |  4- 6 |  7- 9 || total
-------------------------+-------+-------+-------++-------
Melee: War axe           |    56 |       |       ||    56
       Broad axe         |       |    19 |    23 ||    42
       Morningstar       |       |       |     7 ||     7
  Use: Potion            |       |     1 |     3 ||     4
       Scroll            |       |       |     2 ||     2
Armor: Scale mail        |    28 |       |       ||    28
       Chain mail        |       |    11 |    15 ||    26
Dodge: Dodged            |    19 |     7 |    14 ||    40
Block: Kite shield       |    36 |     9 |    22 ||    67

Table legend: (Time is in decaauts)
 A = Elapsed time spent in this place.
 B = Non-inter-level travel time spent in this place.
 C = Inter-level travel time spent in this place.
 D = Time resting spent in this place.
 E = Time spent auto-exploring this place.
 F = Levels seen in this place.
 G = Mean time per level.
                   A        B        C        D        E       F      G
               +--------+--------+--------+--------+--------+-----+--------+
         Total |    824 |    824 |      0 |    327 |     16 |   1 |  824.0 |
       Dungeon |    824 |    824 |      0 |    327 |     16 |   1 |  824.0 |
               +--------+--------+--------+--------+--------+-----+--------+

Top non-repeatable levels by time:
       D: 824 daAuts
